 Dungeon Crawl Stone Soup version 0.30-b1-2-g02819fbbbe (webtiles) character file.

Game seed: 6560110195829044086

83 sanka the Ducker (level 4, -12/26 HPs)
             Began as a Deep Elf Transmuter on May 8, 2023.
             Killed by divine providence
             ... invoked by an orc priest
              (14 damage)
             ... on level 3 of the Dungeon.
             The game lasted 00:06:48 (2988 turns).

sanka the Ducker (Deep Elf Transmuter)              Turns: 2988, Time: 00:06:50

Health: -12/26     AC:  6    Str:  7    XL:     4   Next: 22%
Magic:  6/10       EV: 14    Int: 20    God:
Gold:   250        SH:  0    Dex: 15    Spells: 2/9 levels left

rFire   . . .        u - +0 dagger (venom)
rCold   . . .        (no shield)
rNeg    . . .        a - +0 robe
rPois   .            i - +0 helmet
rElec   .            (no cloak)
rCorr   .            (no gloves)
SInv    .            t - +2 pair of boots
Will    .....        (no amulet)
Stlth   +            (no ring)
HPRegen 0.24/turn    (no ring)
MPRegen 0.12/turn

%: no passive effects
@: no status effects
A: no striking features
a: no special abilities


You were on level 3 of the Dungeon.
You visited 1 branch of the dungeon, and saw 3 of its levels.

You collected 250 gold pieces.

Inventory:

Hand Weapons
 h - a +0 quarterstaff
 u - a +0 dagger of venom (weapon)
Armour
 a - a +0 robe (worn)
 i - a +0 helmet (worn)
 t - a +2 pair of boots (worn)
Scrolls
 c - 3 scrolls of identify {unknown}
 d - 3 scrolls of amnesia {unknown}
 f - 3 scrolls of teleportation {unknown}
 j - a scroll of noise {unknown}
 l - a scroll of enchant weapon {unknown}
 o - a scroll of fear {unknown}
 q - a scroll of vulnerability {unknown}
 r - 2 scrolls of torment {unknown}
 s - a scroll of magic mapping {unknown}
Potions
 b - a potion of lignification {!q}
 e - 2 potions of might {unknown}
 g - a potion of berserk rage {unknown}
 k - 3 potions of haste {unknown}
 m - 2 potions of curing {unknown}
 n - a potion of brilliance {unknown}
 p - a potion of ambrosia {unknown}


   Skills:
 - Level 2.0 Fighting
 - Level 4.4 Dodging
 - Level 2.4 Unarmed Combat
 - Level 3.0 Spellcasting
 + Level 0.5 Conjurations
 - Level 2.1 Transmutations
 + Level 0.5 Fire Magic


You had 2 spell levels left.
You knew the following spells:

 Your Spells              Type           Power      Damage    Failure   Level
a - Beastly Appendage     Tmut           22%        N/A       6%          1
b - Scorch                Fire           10%        2d5       17%         2
c - Flame Wave            Conj/Fire      5%         2d5       73%         4

Your spell library contained the following spells:

 Spells                   Type           Power      Damage    Failure   Level
 Wereblood                Tmut           11%        N/A       9%          2
 Sublimation of Blood     Necr           3%         N/A       22%         2
 Spider Form              Tmut/Pois      7%         N/A       26%         3
 Inner Flame              Hex/Fire       4%         N/A       36%         3
 Ice Form                 Ice/Tmut       7%         N/A       65%         4
 Petrify                  Tmut/Erth      7%         N/A       65%         4
 Irradiate                Conj/Tmut      4%         3d13      92%         5
 Yara's Violent Unravell  Hex/Tmut       3%         3d4       94%         5
 Summon Cactus Giant      Summ           1%         N/A       100%        6
 Enfeeble                 Hex            1%         N/A       100%        7


Dungeon Overview and Level Annotations

Branches:
Dungeon (3/15)

Altars:
Gozag

Shops:
D:2 !


Message History

The orc priest's fire resistance burns away.
You hear a shout!
The orc priest barely misses you.
You hit the orc priest but do no damage.
The orc priest is poisoned.
You claw the orc priest.
You headbutt the orc priest, but do no damage.
The orc priest is moderately wounded.
Your horns disappear.
Your talons disappear.
Your +0 helmet unmelds from your body.
Your +2 pair of boots unmelds from your body.
The orc priest completely misses you.
You hit the orc priest but do no damage.
The orc priest looks even sicker.
The orc priest is heavily wounded.
The orc priest invokes the aid of Beogh against you.
Beogh smites you!
Ouch! That really hurt!
* * * LOW HITPOINT WARNING * * *
You hit the orc priest but do no damage.
The orc priest looks as sick as possible!
The orc priest is heavily wounded.
The orc priest is no longer more vulnerable to fire.
The orc priest hits you with a +0 flail.
* * * LOW HITPOINT WARNING * * *
Unknown command.
You closely miss the orc priest.
The orc priest is severely wounded.
The orc priest closely misses you.
Unknown command.
You hit the orc priest but do no damage.
The orc priest is severely wounded.
The orc priest casts a cantrip, but nothing happens.
Unknown command.
You hit the orc priest but do no damage.
The orc priest looks as sick as possible!
The orc priest is severely wounded.
The orc priest invokes the aid of Beogh against you.
Beogh smites you!
Ouch! That really hurt!
You die...

#. #.# #.# .. #.# #.#
#. #<# #.# .## #.#.#
#. ..# #.#.# #. #.#
#.#.# #. #.# #.#.#
#.# #.# #.#.## #. #@#
#....#######
#.##o#####...........
#..>oo.)..o...# #####
############.## #
#....# # #.#### # #.#
# #.# # #.# #


You could see an orc priest (extremely poisoned) and 2 orcs.

Vanquished Creatures
  3 adders (D:2)
  A worm (D:2)
  2 dart slugs (D:1)
  2 orcs (D:3)
  4 ball pythons
  5 bats
  2 endoplasms (D:1)
  3 giant cockroaches
  3 goblins
  2 hobgoblins (D:1)
  4 jackals
  2 quokkas
  4 frilled lizards
  3 kobolds
  6 rats
46 creatures vanquished.

Notes
Turn   | Place    | Note
-------+----------+-------------------------------------------
     0 | D:1      | sanka the Deep Elf Transmuter began the quest for the Orb.
     0 | D:1      | Reached XP level 1. HP: 11/11 MP: 6/6
    76 | D:1      | Reached skill level 1 in Fighting
   151 | D:1      | Reached XP level 2. HP: 16/16 MP: 8/8
   180 | D:1      | Reached skill level 3 in Dodging
  1080 | D:2      | Reached XP level 3. HP: 14/21 MP: 9/9
  1309 | D:2      | Reached skill level 4 in Dodging
  1614 | D:2      | Reached XP level 4. HP: 26/26 MP: 10/10
  1929 | D:2      | Found Fiacwun's Distillery.
  2244 | D:3      | Learned a level 2 spell: Scorch
  2249 | D:3      | Learned a level 4 spell: Flame Wave
  2581 | D:3      | Found an opulent altar of Gozag.
  2985 | D:3      | HP: 1/26 [orc priest/+0 flail (2)]
  2988 | D:3      | Killed from afar by an orc priest

Illustrated notes

Levels and vault maps discovered:
D:1:      minmay_arrival_shattered_statue, layout_loops_ring
D:2:      layout_basic, serial_shops, shop, serial_bayou, serial_bayou_ford_a,
          serial_bayou_crossing, serial_bayou_shore_b, serial_bayou_pond_c
D:3:      layout_loops_ring, nicolae_gozag_cash_rules_everything_around_me

Skill      XL: |  1  2  3 |
---------------+----------+-----
Fighting       | 1 2 |  2.0
Dodging        | 3 4 |  4.4
Unarmed Combat | |  2.4
Spellcasting   | |  3.0
Conjurations   | |  0.5
Transmutations | |  2.1
Fire Magic     | |  0.5

Action                     |  1- 3 |  4- 6 || total
---------------------------+-------+-------++-------
  Melee: Unarmed           |    70 |       ||    70
         Kick              |    18 |     6 ||    24
         Headbutt          |    18 |     2 ||    20
         Quarterstaff      |    45 |    15 ||    60
         Dagger            |       |    16 ||    16
   Cast: Beastly Appendage |    20 |     4 ||    24
         Scorch            |       |     2 ||     2
   Stab: Sleeping          |     5 |       ||     5
 Armour: Robe              |    32 |     5 ||    37
  Dodge: Dodged            |    75 |    13 ||    88
